 Dungeon Crawl Stone Soup version 0.21-a0-91-ga5031da (webtiles) character file.

36 Lavandula the Scratcher (level 3, -1/17 HPs)
             Began as a Felid Chaos Knight on June 28, 2017.
             Slain by a gnoll
             ... wielding a +0 flail
              (11 damage)
             ... on level 2 of the Dungeon.
             The game lasted 00:03:26 (1419 turns).

Lavandula the Scratcher (Felid Chaos Knight)        Turns: 1419, Time: 00:03:27

Health: -1/17      AC:  1    Str:  8    XL:     3   Next: 19%
Magic:  4/4        EV: 18    Int: 13    God:    Xom [....*.]
Gold:   86         SH:  0    Dex: 16    Spells: 2/2 levels left
                                        Lives:  0   Deaths: 0

rFire    . . .     SeeInvis +     - Unarmed
rCold    . . .     Gourm    .   (shield unavailable)
rNeg     . . .     Faith    .   (armour unavailable)
rPois    .         Spirit   .   (helmet unavailable)
rElec    .         Reflect  .   (cloak unavailable)
rCorr    .         Harm     .   (gloves unavailable)
MR       .....                  (boots unavailable)
Stlth    ++........             (no amulet)
HPRegen  0.05/turn              (no ring)
MPRegen  0.09/turn              (no ring)

@: quick
A: no armour, no weapons or thrown items, stealth, claws 1, fangs 3, see
invisible, carnivore 3, speed 1, shaggy fur 1, slow metabolism 1, sharp paws
a: Renounce Religion


You were on level 2 of the Dungeon.
You worshipped Xom.
You were a beloved toy of Xom.
You were very full.

You visited 1 branch of the dungeon, and saw 2 of its levels.

You collected 86 gold pieces.

Inventory:

Scrolls
 b - a scroll of remove curse
 d - 2 scrolls of recharging {unknown}
 e - a scroll of magic mapping {unknown}
 h - a scroll of identify {unknown}
Potions
 c - a potion of degeneration {unknown}
 g - a potion of curing {unknown}
Comestibles
 a - a meat ration
 f - a royal jelly


   Skills:
 - Level 3.0 Fighting
 - Level 3.2 Dodging
 + Level 4.3 Unarmed Combat


You had 2 spell levels left.
You didn't know any spells.

Dungeon Overview and Level Annotations

Branches:
Dungeon (2/15)

Altars:

Annotations:
D:2 exclusion: adder


Innate Abilities, Weirdness & Mutations

You cannot wear armour.
You are incapable of wielding weapons or throwing items.
Your paws allow you to move quietly. (Stealth)
You have sharp claws.
You have razor-sharp teeth.
You have supernaturally acute eyesight. (SInv)
You are carnivorous and can eat meat at any time.
You cover ground quickly.
You are covered in fur. (AC +1)
You have a slow metabolism.
Your sharp claws are effective at attacking unaware monsters.


Message History

A gnoll is nearby!
Found 13 gold pieces.
Press: ? - help, v - describe, . - travel
Here: a gnoll, wielding a flail The floor.
You scratch the gnoll but do no damage. The gnoll barely misses you.
You scratch the gnoll.
The gnoll is heavily wounded.
The gnoll misses you.
You scratch the gnoll.
The gnoll is almost dead.
You closely miss the gnoll.
The gnoll is almost dead.
The gnoll hits you with a flail!
You barely miss the gnoll.
The gnoll is almost dead.
The gnoll hits you with a flail!
Ouch! That really hurt!
You die... "Huh?
Did I miss anything?"

. #.....# .
#....$## #
#....... #
#...[..# ### #
#......#
#.####+####
#......#
#.......##.
#....g.#
#.##....##. #@.#
#.##.)..##. #..#
#.##.#'###.
#..#####.##.#.#
#.
#(.......##.#.#
#.
##.########.#.#
##
#..........#.####
############.....
######


You could see a gnoll.

Vanquished Creatures
  2 leopard geckos (D:1)
  3 goblins (D:1)
  9 hobgoblins
  5 kobolds
  4 bats (D:1)
  4 frilled lizards
  7 rats
34 creatures vanquished.

Notes
Turn   | Place    | Note
-------+----------+-------------------------------------------
     0 | D:1      | Lavandula the Felid Chaos Knight began the quest for the Orb.
     0 | D:1      | Reached XP level 1. HP: 10/10 MP: 2/2
   214 | D:1      | Reached XP level 2. HP: 13/14 MP: 3/3
   223 | D:1      | XOM: harmless Necr miscast
   475 | D:1      | XOM: god gift: chain mail {god gift}
   601 | D:1      | Reached skill level 4 in Unarmed Combat
   629 | D:1      | XOM: enchant monster (good)
   649 | D:1      | XOM: harmless Pois miscast
   997 | D:1      | Reached XP level 3. HP: 17/17 MP: 4/4
  1134 | D:1      | XOM: summons 1 hostile demon
  1189 | D:2      | XOM: stealth player
  1419 | D:2      | Slain by a gnoll

Vault maps used:
D:1:      dpeg_arrival_orchard, minmay_tetromino_i4
D:2:      nicolae_overflow_crystal_walls, uniq_natasha

Skill      XL: |  1  2 |
---------------+-------+-----
Unarmed Combat | 4 |  4.3
Fighting       | |  3.0
Dodging        | |  3.2

Action                   || total
-------------------------++-------
Melee: Unarmed           ||    84
       Bite              ||     7
       Punch             ||     1
  Use: Scroll            ||     2
 Stab: Sleeping          ||     2
  Eat: Chunk             ||     7
Armor: Skin              ||    10
Dodge: Dodged            ||    48
